 Dungeon Crawl Stone Soup version 0.31-a0-83-gbff143cfd1 (webtiles) character file.

Game seed: 4816598813820490940

83 senseless the Trooper (level 4, -1/48 HPs)
             Began as an Ogre Warper on May 24, 2023.
             Slain by a bullfrog (6 damage)
             ... in a sewer.
             The game lasted 00:04:15 (1925 turns).

senseless the Trooper (Ogre Warper)                 Turns: 1925, Time: 00:04:16

Health: -1/48      AC:  4    Str: 15    XL:     4   Next: 44%
Magic:  8/8        EV: 10    Int: 16    God:
Gold:   46         SH:  0    Dex:  8    Spells: 8/8 levels left

rFire   . . .        a - +1 mace
rCold   . . .        (no shield)
rNeg    . . .        b - +1 robe
rPois   .            (helmet restricted)
rElec   .            (no cloak)
rCorr   .            (gloves unavailable)
SInv    .            (boots unavailable)
Will    .....        (no amulet)
Stlth   +            (no ring)
HPRegen 0.28/turn    (no ring)
MPRegen 0.11/turn

%: no passive effects
@: no status effects
A: large, unfitting armour, tough skin 1
a: no special abilities


You were in a sewer.
You visited 1 branch of the dungeon, and saw 3 of its levels.
You also visited: Sewer.

You collected 46 gold pieces.

Inventory:

Hand Weapons
 a - a +1 mace (weapon)
Missiles
 d - 3 boomerangs of dispersal (quivered)
Armour
 b - a +1 robe (worn)
Scrolls
 c - a scroll of blinking
Potions
 e - 3 potions of curing
 f - a potion of brilliance {unknown}
 h - a potion of cancellation {unknown}


   Skills:
 * Level 4.2 Fighting
 + Level 2.3 Maces & Flails
 - Level 1.0 Throwing
 + Level 2.5 Dodging
 + Level 2.9 Spellcasting
 + Level 3.0 Translocations


You had 8 spell levels left.
You didn't know any spells.
Your spell library contained the following spells:

 Spells                   Type           Power      Damage    Failure   Level
 Blink                    Tloc           24%        N/A       8%          2
 Lesser Beckoning         Tloc           24%        N/A       8%          2
 Teleport Other           Tloc           12%        N/A       16%         3
 Freeze                   Ice            8%         1d3       19%         1
 Foxfire                  Conj/Fire      4%         2x1d4     22%         1
 Vhi's Electric Charge    Tloc/Air       12%        N/A       34%         3
 Manifold Assault         Tloc           12%        N/A       45%         4
 Inner Flame              Hex/Fire       1%         N/A       54%         3
 Flame Wave               Conj/Fire      1%         2d4       91%         4
 Ice Form                 Ice/Tmut       1%         N/A       91%         4
 Fireball                 Conj/Fire      0%         3d3       99%         5
 Plasma Beam              Fire/Air       0%         2x1d11    100%        6
 Starburst                Conj/Fire      0%         6d3       100%        6
 Ignition                 Fire           1%         3d3       100%        8


Dungeon Overview and Level Annotations

Branches:
Dungeon (4/15)              Sewer (1/1)
 Temple: D:4-7

Altars:
Sif Muna


Innate Abilities, Weirdness & Mutations

You are too large for most types of armour.
You have tough skin. (AC +1)


Message History

You feel better. The bullfrog hits you.
* * * LOW HITPOINT WARNING * * *
The bullfrog barely misses you.
Throw: 7 boomerangs (disperse)
Press: ? - help, Q - select action Shift-Dir - straight line, f - bullfrog
Aim: a bullfrog (moderately wounded, 47% to hit)
You throw a boomerang of dispersal.
The boomerang of dispersal barely misses the bullfrog.
The bullfrog hits you but does no damage.
The bullfrog closely misses you.
Throw: 6 boomerangs (disperse)
Press: ? - help, Q - select action Shift-Dir - straight line, f/p - bullfrog
Aim: a bullfrog (lightly wounded, 47% to hit)
You throw a boomerang of dispersal.
The boomerang of dispersal misses the bullfrog.
The bullfrog hits you.
* * * LOW HITPOINT WARNING * * *
The giant cockroach waves its antennae.
Throw: 5 boomerangs (disperse)
Press: ? - help, Q - select action Shift-Dir - straight line, f/p - bullfrog
Aim: a bullfrog (lightly wounded, 47% to hit)
You throw a boomerang of dispersal.
The boomerang of dispersal closely misses the bullfrog.
The bullfrog hits you.
* * * LOW HITPOINT WARNING * * *
The bullfrog barely misses you.
Throw: 4 boomerangs (disperse)
Press: ? - help, Q - select action Shift-Dir - straight line, f/p - bullfrog
Aim: a bullfrog (lightly wounded, 47% to hit)
You throw a boomerang of dispersal.
The boomerang of dispersal hits the bullfrog and shatters for extra damage.
The bullfrog blinks!
The bullfrog is moderately wounded.
You hit the bullfrog.
The bullfrog is heavily wounded.
The bullfrog misses you.
You barely miss the bullfrog.
The bullfrog is heavily wounded.
The bullfrog hits you.
You die...

#.~≈~≈~≈.~..~. #
#.~≈~≈~≈~~~..~≈ # ###
#.~≈≈~≈≈.~~.~≈≈≈ # #.#
#.~≈~≈≈≈≈~.??≈≈≈ # #∩#
#.~≈~~≈≈≈B??$.≈≈ # #.#
#.~≈~~≈≈≈≈r!.~≈≈ # #∩#
#.~≈~.≈≈≈≈≈.~~≈≈ # #.#
#†~≈~F≈≈≈≈≈≈~≈≈≈ # #.#
#.~≈~@≈~≈≈≈≈≈≈≈≈ #
##.###.~≈~.~≈~≈≈≈≈≈≈≈ #
#.~.##.~≈~.#≈≈≈≈≈≈≈≈≈ #
#~~~##.~≈~.#≈≈≈≈≈≈≈≈# #
#.~~##.~≈~.###≈≈≈≈≈## #
#.~~##.~≈~.# ###### #
#~~~##~~≈~.# # #~~~##~~≈~~#
#
##~~~##.~≈~~################


You could see a bullfrog, a quokka and a giant cockroach.

Vanquished Creatures
  3 adders
  2 river rats (D:4)
  2 endoplasms (D:1)
  5 giant cockroaches
  A goblin (D:1)
  2 hobgoblins (D:1)
  8 quokkas
  4 ball pythons
  7 frilled lizards (Sewer)
  5 rats
39 creatures vanquished.

Notes
Turn   | Place    | Note
-------+----------+-------------------------------------------
     0 | D:1      | senseless the Ogre Warper began the quest for the Orb.
     0 | D:1      | Reached XP level 1. HP: 22/22 MP: 3/3
     9 | D:1      | Got Eliack's Meditations on Red Ice
   301 | D:1      | Reached skill level 3 in Fighting
   360 | D:1      | Reached XP level 2. HP: 26/31 MP: 5/5
  1296 | D:2      | You fall into a shaft and drop 2 floors!
  1297 | D:4      | Found a shimmering blue altar of Sif Muna.
  1348 | D:4      | Reached XP level 3. HP: 6/37 MP: 7/7
  1629 | D:4      | Found a glowing drain.
  1722 | Sewer    | Entered a sewer
  1776 | Sewer    | Reached XP level 4. HP: 48/48 MP: 8/8
  1795 | Sewer    | Reached skill level 4 in Fighting
  1910 | Sewer    | Noticed a bullfrog
  1925 | Sewer    | Slain by a bullfrog

Illustrated notes

Levels and vault maps discovered:
D:1:      dpeg_arrival_circle_labyrinth_a, layout_basic
D:2:      layout_rooms, shapermc_ecumenical_altar_mp_urbaneastern, serial_shops,
          nicolae_lakefront_shop, uniq_sigmund
D:4:      layout_rooms, mainiacjoe_overflow_tiny_flanked, temple_statues,
          gup_sewer_entry_bubbles
Sewer:    sewer_frog_island_01

Skill      XL: |  1  2  3  4 |
---------------+-------------+-----
Fighting       | 3 4 |  4.2
Maces & Flails | 2 |  2.3
Translocations | 3 |  3.0
Throwing       | |  1.0
Dodging        | |  2.5
Spellcasting   | |  2.9

Action                     |  1- 3 |  4- 6 || total
---------------------------+-------+-------++-------
  Melee: Mace              |   122 |    34 ||   156
  Throw: Boomerang         |       |     4 ||     4
    Use: Scroll            |     7 |       ||     7
         Potion            |       |     1 ||     1
 Armour: Robe              |    41 |     7 ||    48
  Dodge: Dodged            |    62 |    33 ||    95

Table legend: (Time is in decaauts)
 A = Elapsed time spent in this place.
 B = Non-inter-level travel time spent in this place.
 C = Inter-level travel time spent in this place.
 D = Time resting spent in this place.
 E = Time spent auto-exploring this place.
 F = Levels seen in this place.
 G = Mean time per level.
                   A        B        C        D        E       F      G
               +--------+--------+--------+--------+--------+-----+--------+
         Total |   1971 |   1945 |     26 |     92 |   1473 |   4 |  492.8 |
       Dungeon |   1753 |   1727 |     26 |     92 |   1364 |   3 |  584.3 |
         Sewer |    217 |    217 |      0 |      0 |    109 |   1 |  217.0 |
               +--------+--------+--------+--------+--------+-----+--------+

Top non-repeatable levels by time:
     D:1: 1309 daAuts
     D:4: 443 daAuts
   Sewer: 217 daAuts
